 Dungeon Crawl Stone Soup version 0.26-a0-540-g8a0c9464d7 (webtiles) character file.

Game seed: 4547244469101081646

2499 kae the Grappler (level 9, -17/74 HPs)
             Began as a Green Draconian Transmuter on Aug 21, 2020.
             Was a Believer of Wu Jian.
             Demolished by a cyclops (24 damage)
             ... on level 7 of the Dungeon.
             The game lasted 00:06:51 (8928 turns).

kae the Grappler (Green Draconian Transmuter)       Turns: 8928, Time: 00:06:51

Health: -17/74     AC:  2    Str: 18    XL:     9   Next: 28%
Magic:  7/15       EV: 19    Int: 19    God:    Wu Jian [**....]
Gold:   488        SH:  0    Dex: 17    Spells: 10/16 levels left

rFire    . . .     SeeInvis .     - Unarmed
rCold    . . .     Faith    .   (shield currently unavailable)
rNeg     . . .     Spirit   .   (armour unavailable)
rPois    x         Reflect  .   (helmet currently unavailable)
rElec    .         Harm     .   (cloak currently unavailable)
rCorr    .                      (gloves currently unavailable)
MR       .....                  (boots currently unavailable)
Stlth    ++........             (no amulet)
HPRegen  0.22/turn              f - +6 ring of intelligence
MPRegen  0.14/turn              (no ring)

@: short of breath, spider-form, flying, very slightly contaminated
A: tiny, (breathe noxious fumes), unfitting armour, strong 1, AC +7
a: End Transformation, Wall Jump, Renounce Religion


You were on level 7 of the Dungeon.
You worshipped Wu Jian.
Wu Jian was pleased with you.
You were a venomous arachnid creature.
You visited 1 branch of the dungeon, and saw 7 of its levels.
You also visited: Sewer.

You collected 488 gold pieces.

Inventory:

Hand Weapons
 h - a +3 vampiric whip (melded)
Armour
 i - a +0 cloak (melded)
Jewellery
 f - a +6 ring of intelligence (left front leg)
 m - an uncursed ring of protection from fire
Wands
 e - a wand of iceblast (6)
 q - a wand of paralysis (11)
Scrolls
 a - 2 scrolls of enchant armour
 c - 2 scrolls of teleportation
 d - 2 scrolls of amnesia
 k - 5 scrolls of remove curse
 n - a scroll of magic mapping {unknown}
 r - 2 scrolls of enchant weapon
Potions
 b - a potion of might {unknown}
 g - a potion of invisibility
 j - a potion of mutation
 l - 6 potions of curing
 o - a potion of berserk rage
 p - 5 potions of heal wounds
 s - 2 potions of brilliance {unknown}


   Skills:
 - Level 5.0 Fighting
 - Level 1.7 Dodging
 * Level 9.4 Unarmed Combat
 - Level 4.4 Spellcasting
 + Level 6.5 Transmutations


You had 10 spell levels left.
You knew the following spells:

 Your Spells              Type           Power        Failure   Level
a - Beastly Appendage     Tmut           ####..       4%          1
b - Wereblood             Tmut           ####....     6%          2
c - Spider Form           Tmut/Pois      ###.......   26%         3

Your spell library contained the following spells:

 Spells                   Type           Power        Failure   Level
 Ignite Poison            Fire/Tmut/Pois ##......     34%         3
 Sublimation of Blood     Necr           #.........   41%         2
 Blade Hands              Tmut           ####......   47%         5
 Ice Form                 Ice/Tmut       ###.....     56%         4
 Petrify                  Tmut/Erth      ###.....     56%         4
 Alistair's Intoxication  Tmut/Pois      ###......    85%         5
 Irradiate                Conj/Tmut      ###.......   85%         5
 Eringya's Noxious Bog    Tmut/Pois      ###.......   100%        6


Dungeon Overview and Level Annotations

Branches:
Dungeon (7/15)             Temple (0/1) D:6           Sewer (visited)

Altars:
Dithmenos
Elyvilon
Okawaru
Ru
Wu Jian
Xom
Yredelemnul

Annotations:
D:4 3 runed translucent doors, kae's ghost, amateur GrEE


Innate Abilities, Weirdness & Mutations

((You can breathe blasts of noxious fumes.))
((Your lurid green scales are hard. (AC +7)))
You cannot fit into any form of body armour.
((Your system is resistant to poisons. (rPois)))
((You are cold-blooded and may be slowed by cold attacks.))
((Your large and strong wings let you fly indefinitely.))
Your muscles are strong. (Str +2)


Message History

Your +0 cloak melds into your body.
You feel the dreadful sensation subside.
The cyclops seems less confused.
The shadow imp closely misses you.
The cyclops throws a large rock.
The large rock hits you! The shadow imp misses you.
You lunge at the cyclops.
You bite the cyclops!
The cyclops is heavily wounded.
You spin and attack the shadow imp.
You hit the shadow imp but do no damage.
The shadow imp is poisoned.
The cyclops hits you! The shadow imp hits you.
You hit the cyclops.
The cyclops is poisoned.
The cyclops is severely wounded.
The shadow imp barely misses you. The cyclops hits you!!
* * * LOW HITPOINT WARNING * * *
You hit the cyclops but do no damage.
The cyclops looks as sick as possible!
The cyclops is severely wounded.
You bite the cyclops!
The cyclops looks as sick as possible!
The cyclops is almost dead.
The shadow imp barely misses you. The cyclops hits you!!
You die...

...........#
._..⌠.._.#.#
[........#.#
.........#.#
.........#.#
##...##.#.# ####
#†#.#
####.#.######
#...(Cs(....#
#......5....#
#...........#
..............#
..............#
####...........#
+...........#
#...........#
............#


You could see a cyclops (extremely poisoned) and a shadow imp (very poisoned).

Vanquished Creatures
  A hippogriff (D:7)
  An orc warrior (D:6)
  An ice beast (D:7)
  A phantom (D:4)
  4 ogres
  2 centaurs (D:5)
  2 bullfrogs
  A big kobold (Sewer)
  5 scorpions
  7 wights (D:7)
  A howler monkey (D:5)
  A jelly (D:7)
  2 hounds
  5 orc wizards
  A gnoll shaman (D:5)
  4 orc priests
  A bullfrog skeleton (D:5)
  A centaur skeleton (D:5)
  2 worker ants
  A hound zombie (D:5)
  6 gnolls
  A river rat (D:6)
  9 adders
  A white imp (D:5)
  3 oozes
  An adder skeleton (D:7)
  An adder zombie (D:6)
  3 worms
  2 dart slugs
  4 leopard geckos
  18 orcs
  11 giant cockroaches
  8 goblins
  6 hobgoblins
  10 jackals
  12 kobolds
  6 quokkas
  4 bats (D:1)
  7 frilled lizards
  A leopard gecko skeleton (D:4)
  A leopard gecko zombie (D:5)
  A quokka skeleton (D:4)
  A quokka zombie (D:6)
  14 rats
175 creatures vanquished.

Notes
Turn   | Place    | Note
-------+----------+-------------------------------------------
     0 | D:1      | kae the Draconian Transmuter began the quest for the Orb.
     0 | D:1      | Reached XP level 1. HP: 16/16 MP: 3/3
   173 | D:1      | Reached XP level 2. HP: 10/23 MP: 3/5
  1184 | D:2      | Reached XP level 3. HP: 29/29 MP: 6/6
  1403 | D:2      | Gained mutation: Your muscles are strong. (Str +2) [potion
                  | of mutation]
  1403 | D:2      | Gained mutation: Your large and strong wings let you fly
                  | indefinitely. [potion of mutation]
  1630 | D:3      | Reached XP level 4. HP: 36/36 MP: 5/7
  2190 | D:3      | Reached skill level 4 in Unarmed Combat
  2471 | D:2      | Reached XP level 5. HP: 3/42 MP: 9/9
  2900 | D:3      | Found an iron altar of Okawaru.
  2949 | D:3      | Found an ornate altar of the Wu Jian Council.
  2999 | D:3      | Found a sacrificial altar of Ru.
  3362 | D:3      | Became a worshipper of the Wu Jian Council
  3385 | D:4      | Noticed an orc warrior
  3451 | D:3      | Learned a level 2 spell: Wereblood
  3455 | D:3      | Learned a level 3 spell: Spider Form
  3849 | D:4      | Noticed a phantom
  3899 | D:4      | Killed a phantom
  3899 | D:4      | Reached skill level 5 in Unarmed Combat
  3899 | D:4      | Reached XP level 6. HP: 25/51 MP: 8/10
  4207 | D:4      | Found a white marble altar of Elyvilon.
  4358 | D:4      | Found a runed translucent gate.
  4358 | D:4      | Found a runed translucent gate.
  4358 | D:4      | Found a runed translucent gate.
  4381 | D:4      | Found a basalt altar of Yredelemnul.
  4691 | D:4      | Noticed kae's ghost (amateur GrEE)
  4728 | D:5      | Entered Level 5 of the Dungeon
  4899 | D:5      | Your scales start taking on a lurid green colour.
  4899 | D:5      | Reached XP level 7. HP: 57/57 MP: 12/12
  4899 | D:5      | Gained mutation: Your system is resistant to poisons.
                  | (rPois) [Green Draconian growth]
  5217 | D:5      | Reached * piety under Wu Jian
  5225 | D:5      | Reached skill level 6 in Unarmed Combat
  5639 | D:5      | Reached XP level 8. HP: 67/67 MP: 10/14
  6644 | D:6      | Reached skill level 7 in Unarmed Combat
  6713 | D:6      | Found a staircase to the Ecumenical Temple.
  6770 | D:6      | Found a glowing drain.
  6805 | Sewer    | Entered a sewer
  6815 | Sewer    | Reached ** piety under Wu Jian
  6922 | Sewer    | Reached skill level 5 in Fighting
  6922 | Sewer    | Reached skill level 5 in Transmutations
  6950 | Sewer    | Found a white marble altar of Elyvilon.
  7557 | D:7      | Reached skill level 8 in Unarmed Combat
  8051 | D:7      | Reached XP level 9. HP: 47/74 MP: 11/15
  8555 | D:7      | Reached skill level 9 in Unarmed Combat
  8876 | D:7      | Found a shimmering altar of Xom.
  8876 | D:7      | Found a shadowy altar of Dithmenos.
  8913 | D:7      | Noticed a cyclops
  8928 | D:7      | Demolished by a cyclops

Illustrated notes

Levels and vault maps discovered:
D:1:      enne_arrival_octagon_isle, layout_basic, st_stairs_6
D:2:      layout_basic
D:3:      layout_basic, lemuel_crystal_altar, nicolae_ru_awakened_eye,
          overflow_temple_1_default
D:4:      layout_rooms, kennysheep_ying_yang, gammafunk_ghost_necromancy,
          dk_noncrumbling_3
D:5:      minmay_angry_zag, layout_layer_cave, kennysheep_potato
D:6:      layout_basic, minmay_temple_entry_trees, portal_sewer_entry_a,
          grunt_tough_drop
D:7:      layout_basic, cheibriados_altar_1, grunt_temple_overflow_open

Skill      XL: |  1  2  3  4  5  6  7  8  9 |
---------------+----------------------------+-----
Fighting       | 2 3 4 5 |  5.0
Unarmed Combat | 4 5 6 8 9 |  9.4
Transmutations | 3 4 6 |  6.5
Spellcasting   | 3 4 |  4.4
Dodging        | |  1.7

Action                   |  1- 3 |  4- 6 |  7- 9 || total
-------------------------+-------+-------+-------++-------
Melee: Unarmed           |    53 |       |   143 ||   196
       Kick              |    11 |    20 |     1 ||    32
       Tailslap          |    13 |    28 |    23 ||    64
       Headbutt          |     4 |    10 |       ||    14
       Whip              |    94 |   182 |   131 ||   407
       Punch             |     1 |     1 |     9 ||    11
 Cast: Beastly Appendage |    17 |    21 |     2 ||    40
       Spider Form       |       |       |    29 ||    29
Invok: Lunge             |       |     4 |    25 ||    29
       Whirlwind         |       |       |     3 ||     3
 Abil: Fly               |     1 |       |       ||     1
       Breathe Noxious F |       |       |     8 ||     8
  Use: Potion            |     3 |       |       ||     3
       Scroll            |       |     9 |     7 ||    16
 Stab: Invisible         |     5 |       |       ||     5
       Sleeping          |     1 |       |     1 ||     2
       Confused          |       |       |     8 ||     8
Armor: Skin              |    63 |    45 |    48 ||   156
Dodge: Dodged            |   122 |   100 |   192 ||   414

Table legend: (Time is in decaauts)
 A = Elapsed time spent in this place.
 B = Non-inter-level travel time spent in this place.
 C = Inter-level travel time spent in this place.
 D = Time resting spent in this place.
 E = Time spent auto-exploring this place.
 F = Levels seen in this place.
 G = Mean time per level.
                   A        B        C        D        E       F      G
               +--------+--------+--------+--------+--------+-----+--------+
         Total |   8961 |   8698 |    263 |   1990 |   5222 |   8 | 1120.1 |
       Dungeon |   8778 |   8515 |    263 |   1990 |   5113 |   7 | 1254.0 |
         Sewer |    183 |    183 |      0 |      0 |    109 |   1 |  183.0 |
               +--------+--------+--------+--------+--------+-----+--------+

Top non-repeatable levels by time:
     D:5: 1640 daAuts
     D:7: 1384 daAuts
     D:2: 1374 daAuts
     D:4: 1310 daAuts
     D:3: 1182 daAuts
     D:1: 1100 daAuts
     D:6: 785 daAuts
   Sewer: 183 daAuts
